 Dungeon Crawl Stone Soup version 0.28.0-43-g3370ac3207 (webtiles) character file.

Game seed: 18370576901876046552

126 terff the Skirmisher (level 4, -6/41 HPs)
             Began as a Minotaur Fighter on Apr 1, 2022.
             Mangled by a gnoll
             ... wielding a +0 flail
              (7 damage)
             ... on level 4 of the Dungeon.
             The game lasted 00:03:25 (2951 turns).

terff the Skirmisher (Minotaur Fighter)             Turns: 2951, Time: 00:03:26

Health: -6/41      AC:  7    Str: 21    XL:     4   Next: 84%
Magic:  3/3        EV:  9    Int:  5    God:
Gold:   197        SH:  4    Dex: 11    Spells: 3/3 levels left

rFire   . . .      SeeInvis .   f - +2 mace (vorpal)
rCold   . . .      Faith    .   c - +0 buckler
rNeg    . . .      Spirit   .   b - +0 scale mail
rPois   .          Reflect  .   (helmet restricted)
rElec   .          Harm     .   (no cloak)
rCorr   .          Rampage  .   (no gloves)
Will    .....                   (no boots)
Stlth   ..........              (no amulet)
HPRegen 0.13/turn               (no ring)
MPRegen 0.08/turn               (no ring)

@: no status effects
A: horns 2, retaliatory headbutt
a: no special abilities


You were on level 4 of the Dungeon.
You visited 1 branch of the dungeon, and saw 4 of its levels.

You collected 197 gold pieces.

Inventory:

Hand Weapons
 a - a +1 war axe
 f - a +2 vorpal mace (weapon)
Armour
 b - a +0 scale mail (worn)
 c - a +0 buckler (worn)
Jewellery
 g - an amulet of faith
Scrolls
 e - 3 scrolls of teleportation
 j - a scroll of noise {unknown}
Potions
 d - 2 potions of might
 h - 2 potions of curing
 i - a potion of invisibility {unknown}
 k - a potion of heal wounds {unknown}
 l - a potion of haste {unknown}
 m - a potion of ambrosia {unknown}
 n - a potion of mutation {unknown}


   Skills:
 + Level 4.4 Fighting
 + Level 4.4 Axes
 + Level 4.4 Armour
 + Level 1.0 Dodging
 + Level 4.0 Shields


You had 3 spell levels left.
You didn't know any spells.
Your spell library contained the following spells:

 Spells                   Type           Power      Damage    Failure   Level
 Summon Small Mammal      Summ           0%         N/A       88%         1
 Call Canine Familiar     Summ           0%         N/A       99%         3
 Summon Guardian Golem    Hex/Summ       0%         N/A       99%         3


Dungeon Overview and Level Annotations

Branches:
Dungeon (4/15)
 Temple: D:4-7

Altars:

Shops:
D:2 (   D:4 (


Innate Abilities, Weirdness & Mutations

You have a pair of horns on your head.
You reflexively headbutt those who attack you in melee.


Message History

You see here a +0 shortbow.
Found a stone staircase leading up.
Found a scroll labelled MIPSIK GOHUEGO.
j - a scroll labelled MIPSIK GOHUEGO
As you read the scroll labelled MIPSIK GOHUEGO, it crumbles to dust.
It is a scroll of identify.
h - 2 potions of curing
j - a scroll labelled BACLYS IFOADAE You open the door.
There is an open door here.
Found a leather armour.
Found 22 stones.
You now have 187 gold pieces (gained 12).
Found an escape hatch in the ceiling.
You see here 22 stones.
You see here 22 stones.
n - a viscous coppery potion You now have 197 gold pieces (gained 10).
Found a ring mail.
Found Ejulys's Weapon Emporium.
You pick up a book of Callings and begin reading...
You add the spells Summon Small Mammal, Call Canine Familiar and Summon Guardian Golem to your library. 3 gnolls come into view.
The gnoll shouts! x2
An ogre comes into view. It is wielding a +0 giant club.
The ogre shouts!
You hear a shout!
A gnoll comes into view. It is wielding a +0 club.
The gnoll shouts!
The gnoll hits you from afar with a +0 spear.
The gnoll hits you but does no damage. The gnoll barely misses you.
The gnoll hits you with a +0 flail. You block the ogre's attack.
The gnoll barely misses you.
You hit the gnoll.
The gnoll is heavily wounded.
The gnoll hits you with a +0 spear. The gnoll hits you with a +0 flail.
The gnoll hits you but does no damage. The gnoll hits you with a +0 club.
The gnoll hits you with a +0 spear! The ogre hits you with a +0 giant club!
* * * LOW HITPOINT WARNING * * *
The gnoll hits you with a +0 flail!
You die...

#.......# ### #.......#
... #.......# ##
#.......#
#.......######
#............. #####
#....Ogg........###....
#....g..∩.......#......
#....g@.######..#.#.##.
#.......# #..#.#.##.
#......[# #..#.#.##.
#.......# #..#.#.##.
#.......######..#.#.##.
##..............#.#.##.
##############.#.#.##.
#..#.#.##. #.##.#.##.


You could see an ogre and 4 gnolls.

Vanquished Creatures
  5 gnolls
  A worm (D:3)
  A dart slug (D:1)
  5 ball pythons
  6 bats
  8 endoplasms
  2 giant cockroaches (D:1)
  7 goblins
  8 hobgoblins
  8 jackals
  4 kobolds
  3 quokkas
  4 frilled lizards
  6 rats
68 creatures vanquished.

Vanquished Creatures (others)
  6 plants (D:1)
6 creatures vanquished.

Grand Total: 74 creatures vanquished

Notes
Turn   | Place    | Note
-------+----------+-------------------------------------------
     0 | D:1      | terff the Minotaur Fighter began the quest for the Orb.
     0 | D:1      | Reached XP level 1. HP: 19/19 MP: 0/0
   187 | D:1      | Reached XP level 2. HP: 27/27 MP: 1/1
   440 | D:1      | Reached XP level 3. HP: 27/33 MP: 2/2
   571 | D:1      | Found a faded altar of an unknown god.
  1135 | D:2      | Identified the +0 helmet of Fiunid {-Cast +Inv Dex+6}
  1271 | D:2      | Reached XP level 4. HP: 32/41 MP: 3/3
  1531 | D:2      | Found Vyupsaot's Weapon Shoppe.
  1952 | D:2      | Reached skill level 1 in Dodging
  2937 | D:4      | Found Ejulys's Weapon Emporium.
  2944 | D:4      | Noticed an ogre
  2950 | D:4      | HP: 1/41 [ogre/+0 giant club (17)]
  2951 | D:4      | Mangled by a gnoll

Illustrated notes

Levels and vault maps discovered:
D:1:      dpeg_arrival_line_fractal, layout_basic,
          chequers_ecumenical_altar_island, nicolae_grassy_gnolls
D:2:      layout_basic, serial_shops, nicolae_shop_crystal
D:3:      layout_rooms, serial_corexii_hall, chequers_hall_statues_corner_a,
          corexii_hall_statues_u
D:4:      layout_basic, serial_shops, shop

Skill      XL: |  1  2  3  4 |
---------------+-------------+-----
Fighting       | 4 |  4.4
Armour         | 4 |  4.4
Axes           | 3 4 |  4.4
Shields        | 4 |  4.0
Dodging        | 1 |  1.0

Action                   |  1- 3 |  4- 6 || total
-------------------------+-------+-------++-------
Melee: War axe           |    71 |    41 ||   112
       Headbutt          |    10 |     6 ||    16
       Mace              |       |    11 ||    11
  Use: Scroll            |     1 |     5 ||     6
Armor: Scale mail        |    34 |    24 ||    58
Dodge: Dodged            |    41 |    30 ||    71
Block: Buckler           |    19 |    14 ||    33
